 Dungeon Crawl Stone Soup version 0.28.0-53-g5a82cb258f (webtiles) character file.

Game seed: 10318002765328400435

13 yokelz the Insei (level 2, 0/18 HPs)
             Began as an Octopode Transmuter on Aug 15, 2022.
             Slain by a ball python (2 damage)
             ... on level 1 of the Dungeon.
             The game lasted 00:00:49 (350 turns).

yokelz the Insei (Octopode Transmuter)               Turns: 350, Time: 00:00:49

Health: 0/18       AC:  1    Str:  9    XL:     2   Next: 37%
Magic:  5/5        EV: 10    Int: 15    God:
Gold:   34         SH:  0    Dex: 12    Spells: 4/5 levels left

rFire   . . .      SeeInvis .     - Unarmed
rCold   . . .      Faith    .   (no shield)
rNeg    . . .      Spirit   .   (helmet restricted)
rPois   .          Reflect  .   (no amulet)
rElec   .          Harm     .   (no ring)
rCorr   .          Rampage  .   (no ring)
Will    .....                   (no ring)
Stlth   ++........              (no ring)
HPRegen 0.06/turn               (no ring)
MPRegen 0.09/turn               (no ring)
                                (no ring)
                                (no ring)

@: constricted
A: almost no armour, amphibious, 8 rings, camouflage 1, gelatinous body 1,
(nimble swimmer 1), tentacles
a: no special abilities


You were on level 1 of the Dungeon.
You visited 1 branch of the dungeon, and saw 1 of its levels.

You collected 34 gold pieces.

Inventory:

Scrolls
 a - a scroll of fear {unknown}
Potions
 b - a potion of berserk rage {unknown}


   Skills:
 - Level 1.0 Fighting
 - Level 2.0 Dodging
 - Level 3.0 Unarmed Combat
 - Level 2.0 Spellcasting
 + Level 3.0 Transmutations


You had 4 spell levels left.
You knew the following spells:

 Your Spells              Type           Power      Damage    Failure   Level
a - Beastly Appendage     Tmut           20%        N/A       6%          1

Your spell library contained the following spells:

 Spells                   Type           Power      Damage    Failure   Level
 Wereblood                Tmut           10%        N/A       10%         2
 Spider Form              Tmut/Pois      6%         N/A       34%         3
 Ice Form                 Ice/Tmut       6%         N/A       75%         4


Dungeon Overview and Level Annotations

Branches:
Dungeon (1/15)

Altars:


Innate Abilities, Weirdness & Mutations

You cannot wear most types of armour.
You are amphibious.
You can wear up to eight rings at the same time.
Your skin changes colour to match your surroundings (Stealth+).
Your rubbery body absorbs attacks. (AC +1, EV +1)
((You are camouflaged when in or above water. (Stealth+)))
You have tentacles for arms and can constrict up to eight enemies at once.


Message History

An endoplasm comes into view.
The endoplasm quivers.
A hobgoblin comes into view.
You see here 23 arrows.
A rat comes into view.
You tentacle-slap the endoplasm.
The endoplasm is moderately wounded.
The endoplasm freezes you.
You are frozen.
You tentacle-slap the endoplasm.
The endoplasm is almost dead.
The endoplasm freezes you.
You are frozen.
You tentacle-slap the endoplasm.
You kill the endoplasm!
Your Transmutations skill increases to level 3!
A ball python comes into view.
Found a scroll labelled NUEGAO IDISME.
The ball python bites you. The ball python grabs you.
The ball python constricts you.
The hobgoblin shouts!
You tentacle-slap the hobgoblin but do no damage.
You grab the hobgoblin. You constrict the hobgoblin. The ball python bites you.
The ball python constricts you.
The hobgoblin hits you but does no damage.
You completely miss the hobgoblin.
You constrict the hobgoblin, but do no damage.
The ball python misses you. The ball python constricts you.
The hobgoblin hits you.
* * * LOW HITPOINT WARNING * * *
The ball python's grasp on you weakens, but your attempt to escape fails.
You constrict the hobgoblin. The ball python bites you.
* * * LOW HITPOINT WARNING * * *
The ball python constricts you. The hobgoblin hits you.
* * * LOW HITPOINT WARNING * * *
You tentacle-slap the hobgoblin but do no damage.
You squeeze the hobgoblin.
You kill the hobgoblin!
The ball python bites you.
You die...

#.#######.###
#...........#
#(........#.#
#...#######.#
.#####...#### ##.##
............###...######
.#..........##..#.......
......S.....##....####.#
.....r.@....##.#### #.#
##............. #.#
#.............#######.#
#...?......##..........
............# #######.#
.#..........# #.#
#..####.#### #.# #..
#...# #.# .#. .# #.#


You could see a ball python and a rat.

Vanquished Creatures
  A dart slug (D:1)
  2 endoplasms (D:1)
  A goblin (D:1)
  2 hobgoblins (D:1)
  3 jackals (D:1)
  A bat (D:1)
10 creatures vanquished.

Notes
Turn   | Place    | Note
-------+----------+-------------------------------------------
     0 | D:1      | yokelz the Octopode Transmuter began the quest for the Orb.
     0 | D:1      | Reached XP level 1. HP: 13/13 MP: 3/3
   254 | D:1      | Reached XP level 2. HP: 16/18 MP: 5/5
   350 | D:1      | Slain by a ball python

Illustrated notes

Levels and vault maps discovered:
D:1:      mushboom_english_gardens, layout_loops_ring

Skill      XL: |  1  2 |
---------------+-------+-----
Transmutations | 3 |  3.0
Fighting       | |  1.0
Dodging        | |  2.0
Unarmed Combat | |  3.0
Spellcasting   | |  2.0

Action                   || total
-------------------------++-------
Melee: Unarmed           ||    31
       Tentacles         ||     9
       Constrict         ||     7
       Punch             ||     3
 Stab: Sleeping          ||     1
Armor: Skin              ||     2
Dodge: Dodged            ||    19
